 Dungeon Crawl Stone Soup version 0.29-a0-187-ga23d9638d5 (webtiles) character file.

Game seed: 3087269961031081412

88 cyrus the Covered (level 4, -2/37 HPs)
             Began as a Human Fighter on Feb 21, 2022.
             Was a Follower of Yredelemnul.
             Slain by Sigmund (5 damage)
             ... on level 2 of the Dungeon.
             The game lasted 00:06:29 (1521 turns).

cyrus the Covered (Human Fighter)                   Turns: 1521, Time: 00:06:30

Health: -2/37      AC: 10    Str: 16    XL:     4   Next: 82%
Magic:  4/4        EV:  8    Int: 10    God:    Yredelemnul [*.....]
Gold:   34         SH:  0    Dex: 13    Spells: 3/3 levels left

rFire   . . .      SeeInvis .   a - +0 war axe
rCold   . . .      Faith    .   c - +0 buckler
rNeg    . . .      Spirit   .   b - +0 scale mail
rPois   .          Reflect  .   (no helmet)
rElec   .          Harm     .   (no cloak)
rCorr   .          Rampage  .   (no gloves)
Will    .....                   e - +2 pair of boots
Stlth   ..........              (no amulet)
HPRegen 0.12/turn               (no ring)
MPRegen 0.09/turn               (no ring)

@: confused, mighty
A: no striking features
a: Renounce Religion, Recall Undead Harvest


You were on level 2 of the Dungeon.
You worshipped Yredelemnul.
Yredelemnul was noncommittal.
You visited 1 branch of the dungeon, and saw 2 of its levels.

You collected 34 gold pieces.

Inventory:

Hand Weapons
 a - a +0 war axe (weapon)
Armour
 b - a +0 scale mail (worn)
 c - a +0 buckler (worn)
 e - a +2 pair of boots (worn)
 o - a +0 pair of boots
Scrolls
 f - a scroll of immolation {unknown}
 h - a scroll of magic mapping {unknown}
 i - a scroll of amnesia {unknown}
 j - a scroll of brand weapon {unknown}
 k - a scroll of identify {unknown}
 n - a scroll of noise {unknown}
Potions
 g - a potion of lignification {unknown}
 l - a potion of brilliance {unknown}
 m - a potion of magic {unknown}


   Skills:
 + Level 3.6 Fighting
 + Level 3.0 Axes
 + Level 3.6 Armour
 + Level 3.4 Shields


You had 3 spell levels left.
You didn't know any spells.
Your spell library was empty.

Dungeon Overview and Level Annotations

Branches:
Dungeon (2/15)

Altars:
Sif Muna
Yredelemnul

Annotations:
D:2 Sigmund


Message History

Your adder zombie bites something.
Something hits your spectral endoplasm!
Your spectral endoplasm is destroyed!
Unknown command.
Are you sure you want to stumble around while confused and next to your ball python zombie?
You're too confused to move!
Your adder zombie closely misses something.
Are you sure you want to stumble around while confused and next to your ball python zombie? [Y]es or [N]o only, please.
Are you sure you want to stumble around while confused and next to your ball python zombie? [Y]es or [N]o only, please.
Are you sure you want to stumble around while confused and next to your ball python zombie?
Something hits Robin!
Are you sure you want to stumble around while confused and next to your ball python zombie?
You feel less confused.
There is a stone staircase leading down here.
You start resting.
Something closely misses your adder zombie.
There is a strange disturbance nearby!
You swap places.
Your goblin zombie hits something.
You swap places.
Something hits you!
Your goblin zombie barely misses something.
You swap places.
Something hits you!
* * * LOW HITPOINT WARNING * * *
You barely miss something.
Your goblin zombie closely misses something.
You block something's attack.
Your goblin zombie closely misses something.
You closely miss something. Something hits you!
* * * LOW HITPOINT WARNING * * *
Your goblin zombie closely misses something.
You miss something.
Your goblin zombie barely misses something.
You hear some strange, mumbled words.
You are confused.
Are you sure you want to stumble around while confused and next to your adder zombie? [Y]es or [N]o only, please.
Are you sure you want to stumble around while confused and next to your adder zombie?
You bump into the rock wall.
Something hits you.
You die...
Your body rises from the dead as a mindless zombie.

#........#.#.#...# #.).
#(.......#.#.#...####ZZ.
#...........<......Z'ZZ.
##..#......Z#######.#...
####.......+...# #.#...
#ZZ.........# #.#...
#.###.......###.#...
#Z####(._.......<...
#>{@ZZZ.............
######......###...##
##....... .......
....... ##..... #....
.... #


You could see 2 friendly ball python zombies, a friendly adder zombie and a
friendly goblin zombie.

Vanquished Creatures
  Robin (D:2)
  An adder (D:2)
  A worm (D:2)
  A dart slug (D:2)
  A bat (D:2)
  6 endoplasms
  A giant cockroach (D:2)
  7 goblins
  4 hobgoblins
  5 jackals
  3 kobolds
  3 quokkas
  3 ball pythons
  A frilled lizard (D:1)
38 creatures vanquished.

Vanquished Creatures (collateral kills)
  A worm (D:2)
  A ball python (D:1)
  2 endoplasms (D:1)
  A hobgoblin (D:1)
  3 jackals (D:2)
  A quokka (D:1)
  2 bats (D:1)
  A goblin zombie (D:2)
  A kobold (D:1)
  A rat (D:1)
14 creatures vanquished.

Vanquished Creatures (others)
  3 bat zombies
  2 ball python zombies (D:1)
  A hobgoblin zombie (D:2)
  A jackal zombie (D:2)
  A spectral endoplasm (D:2)
  25 fungi (D:1)
33 creatures vanquished.

Grand Total: 85 creatures vanquished

Notes
Turn   | Place    | Note
-------+----------+-------------------------------------------
     0 | D:1      | cyrus the Human Fighter began the quest for the Orb.
     0 | D:1      | Reached XP level 1. HP: 18/18 MP: 1/1
    94 | D:1      | Found a faded altar of an unknown god.
   115 | D:1      | Prayed at the altar of an unknown god.
   115 | D:1      | Became a worshipper of Yredelemnul the Dark
   115 | D:1      | Reached * piety under Yredelemnul
   136 | D:1      | Reached XP level 2. HP: 18/24 MP: 2/2
   468 | D:1      | Reached XP level 3. HP: 29/29 MP: 3/3
   579 | D:1      | Reached ** piety under Yredelemnul
  1130 | D:2      | Noticed Robin
  1138 | D:2      | Killed Robin
  1139 | D:2      | Reached XP level 4. HP: 29/35 MP: 4/4
  1461 | D:2      | Found a shimmering blue altar of Sif Muna.
  1488 | D:2      | Noticed Sigmund
  1521 | D:2      | Slain by Sigmund

Illustrated notes

Levels and vault maps discovered:
D:1:      scummos_arrival_checkerplants, layout_basic,
          shapermc_ecumenical_altar_notcrosses
D:2:      layout_basic, basic_altar, serial_shops, nicolae_square_shop,
          uniq_robin, uniq_sigmund

Skill      XL: |  1  2  3  4 |
---------------+-------------+-----
Axes           | 3 |  3.0
Fighting       | |  3.6
Armour         | |  3.6
Shields        | |  3.4

Action                   |  1- 3 |  4- 6 || total
-------------------------+-------+-------++-------
Melee: War axe           |   112 |    36 ||   148
Invok: Dark Bargain      |       |     1 ||     1
  Use: Potion            |       |     1 ||     1
Armor: Scale mail        |    35 |    19 ||    54
Dodge: Dodged            |    39 |    11 ||    50
Block: Buckler           |    26 |     9 ||    35

Table legend: (Time is in decaauts)
 A = Elapsed time spent in this place.
 B = Non-inter-level travel time spent in this place.
 C = Inter-level travel time spent in this place.
 D = Time resting spent in this place.
 E = Time spent auto-exploring this place.
 F = Levels seen in this place.
 G = Mean time per level.
                   A        B        C        D        E       F      G
               +--------+--------+--------+--------+--------+-----+--------+
         Total |   1587 |   1546 |     41 |    173 |    796 |   2 |  793.5 |
       Dungeon |   1587 |   1546 |     41 |    173 |    796 |   2 |  793.5 |
               +--------+--------+--------+--------+--------+-----+--------+

Top non-repeatable levels by time:
     D:1: 1035 daAuts
     D:2: 552 daAuts
